 Dungeon Crawl Stone Soup version 0.27-a0-909-g0721f309d1 (webtiles) character file.

Game seed: 13814335663730646960

31381 littlecub the Martial Artist (level 13, -3/137 HPs)
             Began as a Troll Fighter on Apr 8, 2021.
             Was the Champion of Jiyva.
             Slain by a vampire (8 damage)
             ... on level 4 of the Abyss.
             The game lasted 00:24:01 (10403 turns).

littlecub the Martial Artist (Troll Fighter)       Turns: 10403, Time: 00:24:01

Health: -3/137     AC:  6    Str: 21    XL:     13   Next: 25%
Magic:  12/12      EV: 19    Int:  5    God:    Jiyva [******]
Gold:   411        SH: 12    Dex: 20    Spells: 12/12 levels left

rFire    . . .     SeeInvis .     - Unarmed
rCold    + . .     Faith    .   b - +1 kite shield
rNeg     . . .     Spirit   .   s - +2 robe of a bazaar {rF+ Regen+}
rPois    .         Reflect  .   (helmet restricted)
rElec    .         Harm     .   (no cloak)
rCorr    +         Rampage  .   (gloves unavailable)
Will     .....                  (boots unavailable)
Stlth    ++........             e - amulet of the acrobat
HPRegen  2.32/turn              r - +4 ring of evasion
MPRegen  0.13/turn              j - ring of ice

@: no status effects
A: large, unfitting armour, claws 3, regeneration 1, shaggy fur 1, tough skin 1,
strong 1
a: Renounce Religion, Request Jelly, Slimify, Cure Bad Mutation


You were on level 4 of the Abyss.
You worshipped Jiyva.
Jiyva was exalted by your worship.
You visited 1 branch of the dungeon, and saw 13 of its levels.
You visited the Abyss 2 times.
You also visited: Ice Cave.

You collected 555 gold pieces.
You spent 144 gold pieces at shops.

Inventory:

Missiles
 m - 2 atropa-tipped darts
 q - a curare-tipped dart (quivered)
Armour
 b - a +1 kite shield (worn)
 s - the +2 robe of a bazaar (worn) {rF+ Regen+}
   (You found it on level 12 of the Dungeon)

   It protects you from fire.
   It increases your rate of health regeneration.
Jewellery
 e - an amulet of the acrobat (around neck)
 j - a ring of ice (right claw)
 k - a ring of protection from fire
 r - a +4 ring of evasion (left claw)
Wands
 g - a wand of iceblast (7)
 n - a wand of polymorph (15)
Scrolls
 a - 2 scrolls of identify
 d - 3 scrolls of teleportation
 f - a scroll of holy word
 p - a scroll of immolation
Potions
 c - a potion of degeneration {unknown}
 h - 3 potions of brilliance
 i - 2 potions of flight
 l - 2 potions of lignification {unknown}
 o - 2 potions of mutation {unknown}
 t - a potion of resistance {unknown}
 u - a potion of might


   Skills:
 * Level 11.4 Fighting
 + Level 8.3 Dodging
 + Level 8.3 Shields
 * Level 13.1 Unarmed Combat


You had 12 spell levels left.
You didn't know any spells.
Your spell library contained the following spells:

 Spells                   Type           Power      Damage    Failure   Level
 Sandblast                Erth           0%         2d4       52%         1
 Passwall                 Tmut/Erth      0%         N/A       67%         2
 Stone Arrow              Conj/Erth      0%         3d7       88%         3
 Cause Fear               Hex            0%         N/A       99%         4
 Petrify                  Tmut/Erth      0%         N/A       99%         4
 Lee's Rapid Deconstruct  Erth           0%         3d5*      100%        5
 Silence                  Hex/Air        0%         N/A       100%        5
 Yara's Violent Unravell  Hex/Tmut       0%         3d3       100%        5
 Discord                  Hex            0%         N/A       100%        8


Dungeon Overview and Level Annotations

Branches:
Dungeon (14/15)            Temple (0/1) D:5             Orc (0/2) D:11
  IceCv (visited)
   Lair: D:8-11      Vaults: D:13-14

Altars:
Hepliaklqana
Makhleb
Jiyva

Shops:
D:1 *   D:4 *   D:10 (

Annotations:
D:10 exclusion: orange crystal statue


Innate Abilities, Weirdness & Mutations

You are too large for most types of armour.
You have claws for hands.
Your natural rate of healing is unusually fast.
You are covered in fur. (AC +1)
You have tough skin. (AC +1)
Your muscles are strong. (Str +2)


Message History

You block the thrashing horror's attack.
The thrashing horror tramples you!
You hold your ground!
You block something's attack. Something bites you!
Something draws strength from your injuries!
You scratch something. Something draws life force from you!
* * * LOW HITPOINT WARNING * * *
The thrashing horror misses you. The thrashing horror tramples you.
* * * LOW HITPOINT WARNING * * *
You hold your ground!
You hear a distant slurping noise.
Jiyva appreciates your sacrifice.
You feel better.
You closely miss something.
The thrashing horror roars!
The thrashing horror misses you.
You block the thrashing horror's attack.
Something draws life force from you!!
* * * LOW HITPOINT WARNING * * *
You block the thrashing horror's attack. x2
You claw the thrashing horror!
The thrashing horror is almost destroyed.
Something hits you!
* * * LOW HITPOINT WARNING * * *
Something bites you.
* * * LOW HITPOINT WARNING * * *
Something draws strength from your injuries!
The thrashing horror misses you.
You block the thrashing horror's attack.
You feel better.
You block the thrashing horror's attack.
The thrashing horror tramples you but does no damage.
You hear a distant slurping noise.
Jiyva appreciates your sacrifice.
You feel better. The thrashing horror tramples you.
* * * LOW HITPOINT WARNING * * *
You hold your ground!
The thrashing horror barely misses you. Something hits you!
* * * LOW HITPOINT WARNING * * *
Something bites you!
You die...

..≈. .#..#.
. ... ≈≈
.......# #.#
#. .....
..... .≈ #.
.... ..#.#
.# . ...
.#..# . .
X...##.. . .
..?#...# . .
.#.
.###X..##..#
#. # #.@{..#
..#.
###..#..# .
#.##.# ..#.#
...#. #.# #.
#.


You could see a thrashing horror (strong).

Vanquished Creatures
  A frost giant (IceCv)
  A boulder beetle (D:11)
  A catoblepas (D:13)
  A centaur warrior (D:13)
  4 two-headed ogres
  Urug (D:11)
  3 thrashing horrors (Abyss:4)
  4 skeletal warriors
  A wizard (D:14)
  7 ugly things
  A cyclops (D:12)
  Joseph (D:7)
  A smoke demon (Abyss:2)
  2 ice statues (IceCv)
  A gargoyle (D:13)
  A freezing wraith (Abyss:3)
  A komodo dragon (D:11)
  3 meliai (D:14)
  5 trolls
  A troll (shapeshifter) (D:13)
  11 polar bears (IceCv)
  A raiju (Abyss:3)
  4 starcursed masses (Abyss:2)
  2 small abominations (Abyss:3)
  Sigmund (D:6)
  A shadow (D:10)
  A ynoxinul (Abyss:3)
  4 wyverns
  24 yaks
  A neqoxec (Abyss:3)
  6 vampire mosquitoes
  Edmund (D:6)
  2 water moccasins (D:8)
  2 ice beasts (D:6)
  3 sky beasts
  3 ogres
  5 orc warriors
  2 black bears
  A necrophage (D:6)
  8 wolves (IceCv)
  2 centaurs
  4 kobold brigands (D:11)
  2 bullfrogs
  2 gnoll sergeants (D:11)
  A scorpion (D:5)
  9 killer bees
  4 wights (D:5)
  5 electric eels (D:11)
  A quasit (Abyss:3)
  6 centaur zombies
  3 iron imps (D:5)
  A hound (D:5)
  3 orc priests
  A bullfrog skeleton (D:6)
  2 iguanas
  An orc wizard (D:10)
  A killer bee zombie (D:6)
  4 gnolls
  A howler monkey skeleton (D:7)
  5 adders
  13 white imps
  2 ufetubi
  3 dart slugs
  16 orcs
  4 bats
  2 endoplasms
  3 giant cockroaches (D:3)
  5 goblins
  5 hobgoblins
  8 jackals
  6 kobolds
  3 quokkas
  4 ball pythons (D:1)
  2 frilled lizards
  4 rats
262 creatures vanquished.

Vanquished Creatures (others)
  A great orb of eyes (Abyss:3)
  A boulder beetle (D:14)
  3 glowing orange brains (Abyss:3)
  2 shining eyes (Abyss:3)
  An unseen horror (D:11)
  9 slime creatures
  2 flying skulls (Abyss:3)
  A centaur simulacrum (D:14)
  A shadow (D:11)
  6 golden eyes
  A steam dragon (D:10)
  7 large abominations (Abyss:3)
  A water moccasin (D:7)
  2 floating eyes (Abyss:3)
  An orc warrior (D:7)
  A wolf (IceCv)
  A centaur (D:6)
  A phantom (D:4)
  4 small abominations (Abyss:3)
  A bullfrog (D:7)
  A scorpion (D:7)
  2 wights (D:7)
  A howler monkey (D:6)
  45 jellies
  A bullfrog skeleton (D:6)
  A centaur skeleton (D:5)
  A hound skeleton (D:4)
  A gnoll (D:11)
  5 adders
  2 orcs
  2 endoplasms
  2 goblins (D:4)
  2 hobgoblins
  10 jackals
  3 kobolds
  A quokka (D:3)
  A ball python (D:2)
  2 bats (D:3)
  A rat (D:2)
  2 fungi (D:8)
  21 plants
  8 starspawn tentacles (Abyss:3)
162 creatures vanquished.

Grand Total: 424 creatures vanquished

Notes
Turn   | Place    | Note
-------+----------+-------------------------------------------
     0 | D:1      | littlecub the Troll Fighter began the quest for the Orb.
     0 | D:1      | Reached XP level 1. HP: 22/22 MP: 0/0
    14 | D:1      | Found Yvungoyr's General Store.
    53 | D:1      | Reached XP level 2. HP: 28/29 MP: 1/1
   178 | D:1      | You fall into a shaft and drop 1 floor!
   245 | D:2      | Reached XP level 3. HP: 36/36 MP: 2/2
   689 | D:1      | Found a faded altar of an unknown god.
   695 | D:1      | Became a worshipper of Jiyva Jaraclai the Shapeless
   695 | D:1      | Reached * piety under Jiyva
   857 | D:2      | Noticed a black bear
   919 | D:3      | Noticed a sky beast
   934 | D:3      | Killed a sky beast
   935 | D:3      | Reached skill level 3 in Unarmed Combat
   935 | D:3      | Reached XP level 4. HP: 45/45 MP: 3/3
   935 | D:3      | Reached XP level 5. HP: 53/53 MP: 4/4
  1323 | D:3      | Reached ** piety under Jiyva
  1604 | D:2      | Killed a black bear
  2055 | D:4      | Killed a phantom
  2115 | D:4      | Reached XP level 6. HP: 62/62 MP: 5/5
  2154 | D:4      | You fall into a shaft and drop 3 floors!
  2155 | D:7      | Noticed a sky beast
  2172 | D:7      | Killed a sky beast
  2173 | D:7      | Reached skill level 4 in Unarmed Combat
  2211 | D:7      | Noticed a wyvern
  2220 | D:7      | Killed a wyvern
  2221 | D:7      | Reached XP level 7. HP: 34/71 MP: 6/6
  2489 | D:5      | Entered Level 5 of the Dungeon
  2519 | D:5      | Found a staircase to the Ecumenical Temple.
  2556 | D:5      | Reached skill level 5 in Unarmed Combat
  2665 | D:5      | Reached skill level 5 in Fighting
  2730 | D:5      | Reached *** piety under Jiyva
  2946 | D:4      | Found Qeob's General Store.
  2958 | D:4      | Bought a potion of flight for 36 gold pieces
  2958 | D:4      | Bought a potion of heal wounds for 60 gold pieces
  2958 | D:4      | Bought a potion of brilliance for 48 gold pieces
  3120 | D:5      | Found a burning altar of Makhleb.
  3147 | D:5      | Reached XP level 8. HP: 72/80 MP: 7/7
  3476 | D:6      | Noticed Sigmund
  3490 | D:6      | Killed Sigmund
  3491 | D:6      | Reached skill level 6 in Unarmed Combat
  3525 | D:6      | Noticed Edmund
  3537 | D:6      | Killed Edmund
  3777 | D:6      | Reached skill level 7 in Unarmed Combat
  3777 | D:6      | Reached XP level 9. HP: 68/89 MP: 8/8
  4235 | D:7      | Noticed Joseph
  4258 | D:7      | Killed Joseph
  4259 | D:7      | Reached skill level 5 in Dodging
  4259 | D:7      | Reached skill level 5 in Shields
  4299 | D:7      | You fall into a shaft and drop 1 floor!
  4317 | D:8      | Reached skill level 8 in Unarmed Combat
  5123 | D:7      | Reached XP level 10. HP: 44/102 MP: 9/9
  5140 | D:7      | HP: 4/102 [orc warrior/+0 battleaxe (25)]
  5159 | D:7      | Gained mutation: You passively map a small area around you.
                  | [Jiyva's grace]
  5235 | D:8      | You fall into a shaft and drop 2 floors!
  5235 | D:10     | Entered Level 10 of the Dungeon
  5236 | D:10     | Noticed an orange crystal statue
  5345 | D:10     | Found Teijul's Weapon Emporium.
  5586 | D:10     | Reached skill level 9 in Unarmed Combat
  5721 | D:10     | Reached **** piety under Jiyva
  5777 | D:10     | Lost mutation: You passively map a small area around you.
                  | [Jiyva's grace]
  5893 | D:10     | Reached ***** piety under Jiyva
  6016 | D:10     | Noticed a two-headed ogre
  6157 | D:11     | Noticed Urug
  6189 | D:11     | HP: 4/104 [Urug/+3 glaive (27)]
  6646 | D:11     | Killed Urug
  6647 | D:11     | Reached skill level 10 in Unarmed Combat
  6836 | D:11     | Found a staircase to the Orcish Mines.
  6847 | D:11     | Reached XP level 11. HP: 113/113 MP: 8/10
  7074 | D:12     | Noticed a boulder beetle
  7075 | D:12     | Noticed a two-headed ogre
  7100 | D:11     | Killed a boulder beetle
  7196 | D:12     | Found a hazy altar of Hepliaklqana.
  7303 | D:12     | Killed a two-headed ogre
  7469 | D:12     | Noticed a two-headed ogre
  7478 | D:12     | Killed a two-headed ogre
  7526 | D:12     | Found a frozen archway.
  7543 | IceCv    | Entered an ice cave
  7608 | IceCv    | Reached skill level 11 in Unarmed Combat
  7828 | IceCv    | Gained mutation: You expend magic power (3 MP) to
                  | strengthen your wands. [Jiyva's grace]
  7966 | IceCv    | Reached skill level 10 in Fighting
  7966 | IceCv    | Reached XP level 12. HP: 119/126 MP: 11/11
  8003 | IceCv    | Noticed a frost giant
  8024 | IceCv    | Killed a frost giant
  8402 | D:12     | Reached skill level 12 in Unarmed Combat
  8494 | D:12     | Noticed a two-headed ogre
  8502 | D:12     | Killed a two-headed ogre
  8685 | D:12     | Identified the +2 robe of a bazaar {rF+ Regen+}
  8957 | D:13     | Gained mutation: Your muscles are strong. (Str +2) [Jiyva's
                  | grace]
  9002 | D:13     | Noticed a catoblepas
  9315 | D:13     | Noticed a centaur warrior
  9325 | D:13     | Killed a centaur warrior
  9344 | D:13     | Noticed a two-headed ogre
  9354 | D:13     | Killed a two-headed ogre
  9479 | D:13     | Killed a catoblepas
  9767 | D:14     | Cast into level 2 of the Abyss (a wizard)
  9844 | Abyss:2  | Noticed a starcursed mass
  9876 | Abyss:2  | Lost mutation: You expend magic power (3 MP) to strengthen
                  | your wands. [Jiyva's grace]
  9971 | Abyss:3  | Killed a great orb of eyes
 10028 | Abyss:3  | Noticed a tentacled starspawn
 10030 | Abyss:3  | Noticed a tentacled starspawn
 10045 | D:14     | Escaped the Abyss
 10050 | D:14     | Reached XP level 13. HP: 132/137 MP: 12/12
 10173 | D:14     | Cast into level 3 of the Abyss (a wizard)
 10342 | Abyss:3  | Reached skill level 13 in Unarmed Combat
 10373 | Abyss:4  | Reached ****** piety under Jiyva
 10402 | Abyss:4  | HP: 2/137 [something (5)]
 10403 | Abyss:4  | Slain by a vampire

Illustrated notes

Levels and vault maps discovered:
D:1:      minmay_arrival_shattered_statue, layout_basic, serial_shops,
          nicolae_shop_trees, chequers_ecumenical_altar_lobes
D:2:      layout_rooms
D:3:      layout_basic
D:4:      layout_loops_ring, kennysheep_windowed_goal
D:5:      layout_basic, demons_altar, minmay_temple_entry_ruins
D:6:      layout_basic, sigmund_edmund_badplayer
D:7:      layout_basic, corexii_checkpoint_a, kennysheep_generic_room_14,
          uniq_joseph
D:8:      layout_rooms, minmay_lair_entry_grove
D:10:     layout_roguey, serial_shops, nicolae_shop_statue_plus,
          grunt_decor_arrowhead, minmay_tree_intersection, minivault_16
D:11:     layout_basic, kennysheep_orc_monster_closet_entryway,
          serial_corexii_hall, corexii_hall_statues_deadend,
          chequers_hall_statues_wall_a, corexii_hall_statues_x, uniq_urug
D:12:     layout_irregular_city, portal_ice_cave_entry_imps,
          nzn_hepliaklqana_mist_gate
D:13:     layout_loops_corners
D:14:     layout_basic, grunt_vaults_entry_fortified, hangedman_decor_cross_pass
Abyss:4:  base: D:3, gammafunk_abyss_rune_reverse_zot

Skill      XL: |  1  2  3  4  5  6  7  8  9 10 11 12 13 |
---------------+----------------------------------------+-----
Fighting       | 3 4 5 6 7 8 10 11 | 11.4
Dodging        | 3 4 5 6 7 8 |  8.3
Unarmed Combat | 3 4 5 7 8 10 11 12 13 | 13.1
Shields        | 3 4 5 6 7 8 |  8.3

Action                   |  1- 3 |  4- 6 |  7- 9 | 10-12 | 13-15 || total
-------------------------+-------+-------+-------+-------+-------++-------
Melee: Unarmed           |    87 |    79 |   238 |   731 |    87 ||  1222
Invok: Request Jelly     |       |       |       |     1 |       ||     1
  Use: Scroll            |       |       |     6 |     3 |     3 ||    12
       Potion            |       |       |     3 |     1 |     1 ||     5
 Stab: Sleeping          |       |       |       |     1 |       ||     1
Armor: Robe              |    21 |    20 |    36 |    23 |    16 ||   116
       Skin              |       |       |     2 |       |       ||     2
       Troll leather arm |       |       |       |    86 |       ||    86
Dodge: Dodged            |    26 |    34 |   108 |   390 |    82 ||   640
Block: Kite shield       |    41 |    40 |   147 |   399 |    71 ||   698

Table legend: (Time is in decaauts)
 A = Elapsed time spent in this place.
 B = Non-inter-level travel time spent in this place.
 C = Inter-level travel time spent in this place.
 D = Time resting spent in this place.
 E = Time spent auto-exploring this place.
 F = Levels seen in this place.
 G = Mean time per level.
                   A        B        C        D        E       F      G
               +--------+--------+--------+--------+--------+-----+--------+
         Total |  10344 |   9798 |    546 |    262 |   7157 |  18 |  574.7 |
       Dungeon |   9200 |   8654 |    546 |    240 |   6559 |  13 |  707.7 |
         Abyss |    494 |    494 |      0 |      0 |    320 |   4 |  123.5 |
      Ice Cave |    650 |    650 |      0 |     22 |    278 |   1 |  650.0 |
               +--------+--------+--------+--------+--------+-----+--------+

Top non-repeatable levels by time:
     D:7: 1169 daAuts
    D:11: 1052 daAuts
    D:12: 961 daAuts
     D:6: 921 daAuts
    D:10: 919 daAuts
    D:13: 789 daAuts
     D:5: 721 daAuts
     D:3: 659 daAuts
   IceCv: 650 daAuts
     D:1: 635 daAuts
     D:2: 539 daAuts
     D:4: 508 daAuts
 Abyss:3: 342 daAuts
    D:14: 203 daAuts
     D:8: 118 daAuts
